 Dungeon Crawl Stone Soup version 0.31-a0-344-gd109795599 (webtiles) character file.

Game seed: 1270231471776764206

312 spiderkeys the Changeling (level 6, -1/36 HPs)
             Began as an Octopode Shapeshifter on July 22, 2023.
             Was a Believer of Hepliaklqana.
             Slain by a jackal (2 damage)
             ... on level 4 of the Dungeon.
             The game lasted 00:05:03 (2332 turns).

spiderkeys the Changeling (Octopode Shapeshifter)   Turns: 2332, Time: 00:05:03

Health: -1/36      AC:  1    Str: 13 (15) XL:     6   Next: 42%
Magic:  6/6        EV: 14    Int:  8 (10) God:    Hepliaklqana [**....]
Gold:   95         SH:  0    Dex: 13 (16) Spells: 5/5 levels left

rFire   x .          .
                       - Unarmed
rCold   . . .        (no shield)
rNeg    . . .        (helmet currently unavailable)
rPois   .            (no amulet)
rElec   .            (no ring)
rCorr   .            (no ring)
SInv    .            (no ring)
Will    +....        (no ring)
Stlth   ++           (no ring)
HPRegen 0.26/turn    (no ring)
MPRegen 0.10/turn    (no ring)
                     (no ring)

%: no passive effects
@: beast-form
A: beast (slay +3), reduced essence, almost no armour, amphibious, 8 rings,
camouflage 1, gelatinous body 1, (nimble swimmer 1), tentacles, agile 1,
strong-willed 1, heat vulnerability 1, devolution 1
a: Begin Untransformation, Renounce Religion, Recall Ancestor, Ancestor Identity


You were on level 4 of the Dungeon.
You worshipped Hepliaklqana.
Hepliaklqana was pleased with you.
You were a hulking beast.
You visited 1 branch of the dungeon, and saw 4 of its levels.

You collected 95 gold pieces.


Innate Abilities, Weirdness & Mutations

You are a hulking beast.
Your limbs bulge with bestial killing power. (Slay +3)
Your life essence is reduced to manifest your ancestor. (-10% HP)
You cannot wear most types of armour.
You are amphibious.
You can wear up to eight rings at the same time.
Your skin changes colour to match your surroundings (Stealth+).
Your rubbery body absorbs attacks. (AC +1, EV +1)
((You are camouflaged when in or above water. (Stealth+)))
You have tentacles for arms and can constrict up to eight enemies at once.
You are agile. (Dex +4, Str/Int -1)
You are strong-willed. (Will+)
You are vulnerable to heat. (rF-)
You have hidden genetic defects.


   Skills:
 + Level 2.9 Fighting
 + Level 3.4 Dodging
 + Level 4.2 Unarmed Combat
 * Level 4.3 Shapeshifting


You had 5 spell levels left.
You didn't know any spells.
Your spell library contained the following spells:

 Spells                   Type           Power      Damage    Failure   Level
 Gell's Gravitas          Tloc           0%         N/A       78%         3
 Teleport Other           Tloc           0%         N/A       78%         3
 Dispersal                Tloc           0%         N/A       100%        6

Inventory:

Missiles
 e - 10 poisoned darts
 f - 41 stones
 p - 4 atropa-tipped darts
Magical Staves
 n - a staff of fire {!a}
   (You found it on level 2 of the Dungeon)
Talismans
 b - a beast talisman
 i - a storm talisman
   (You found it on level 2 of the Dungeon)
Wands
 m - a wand of roots (6)
   (You found it on level 2 of the Dungeon)
Scrolls
 c - 2 scrolls of teleportation {unknown}
 d - 2 scrolls of noise {!r}
 j - a scroll of identify {unknown}
 k - a scroll of vulnerability {unknown}
 l - 2 scrolls of brand weapon {unknown}
 q - a scroll of fog
Potions
 a - a potion of lignification {!q}
 g - a potion of degeneration {!q}
 h - a potion of curing {@q1}
 o - a potion of mutation {!q}

Dungeon Overview and Level Annotations

Branches:
Dungeon (4/15) Zot: 21675
 Temple: D:4-7

Altars:
Elyvilon
Gozag
Hepliaklqana
Qazlal
Yredelemnul

......).†.†.....#
........####....######.#
........#####...#.....:.
#####<)....##...........
######..?...........
####...........
#...........
#..h{o......
###Rhho..... ##ho...$..
##.....#. ######


You could see the friendly Octavio the hexer, 3 orcs and 3 jackals.


Message History

Octavio drains the scorpion.
A giant cockroach comes into view.
The scorpion closely misses Octavio.
You tentacle-slap the scorpion.
You kill the scorpion! 😎 HP[+1]
Your hp is fully restored (36).
You swap places.
Found a stone staircase leading down.
Things that are here:
a scorpion corpse; a giant cockroach corpse Octavio gestures at the giant cockroach while chanting.
The giant cockroach appears confused.
The giant cockroach closely misses you.
You tentacle-slap the giant cockroach. You grab the giant cockroach.
You constrict the giant cockroach.
You kill the giant cockroach!
You swap places.
Things that are here:
a scorpion corpse; a giant cockroach corpse
f - 41 stones (gained 1)
Things that are here:
a +0 whip; a kobold corpse An orc wizard comes into view.
It is wielding a +0 dagger.
An orc wizard comes into view. It is wielding a +0 dagger.
You see here a scroll labelled CONWYF OQUGH.
The orc wizard shouts!
You hear a shout!
The orc wizard points at you and mumbles some strange words.
The magic dart hits you! 😮 HP[-9]
You take 9 damage, and now have 27/36 hp.
MASSIVE DAMAGE!! (PAUSE)
You are too injured to fight recklessly!
You are too injured to fight recklessly! 3 orcs come into view.
The orc shouts! x2
The orc wizard casts a spell at you. The puff of flame hits you!
* * * LOW HITPOINT WARNING * * *
A jackal comes into view.
The orc moves out of view. 😨 HP[-11]
You take 11 damage, and now have 16/36 hp.
MASSIVE DAMAGE!! (PAUSE)
A jackal comes into view. x2
The jackal barks! x2
You tentacle-slap the orc wizard but do no damage.
You grab the orc wizard.
You squeeze the orc wizard, but do no damage.
You constrict the orc wizard.
The orc wizard mumbles some strange words.
The orc wizard flickers and vanishes!
Deactivating autopickup; reactivate with Ctrl-A.
The orc wizard misses you.
You bludgeon the orc wizard! You tentacle-slap the orc wizard.
You kill the orc wizard! 😨 HP[+1] Octavio barely misses something.
You hear some strange, mumbled words.
You are confused.
The orc misses you. The orc hits you with a +0 club.
* * * LOW HITPOINT WARNING * * *
Octavio points next to you and mumbles some strange words.
Things that are here:
a +0 dagger; a +0 robe; 😨 HP[-4]
You take 4 damage, and now have 13/36 hp.
You closely miss the orc. The orc misses you. Something hits you.
* * * LOW HITPOINT WARNING * * *
The orc hits you with a +0 short sword.
* * * LOW HITPOINT WARNING * * *
The jackal closely misses you. 😱 HP[-6]
You take 6 damage, and now have 7/36 hp.
It was a potion of mutation.
You feel extremely strange.
You feel a hidden malignance growing inside you.
You feel vulnerable to heat.
You feel agile.
You feel strong-willed. The jackal closely misses you.
Octavio barely misses something.
Octavio closely misses something.
The jackal closely misses you. The orc completely misses you.
The orc hits you with a +0 short sword.
* * * LOW HITPOINT WARNING * * *
Something hits you.
* * * LOW HITPOINT WARNING * * *
😱 HP[-5]
You take 5 damage, and now have 2/36 hp.
It was a potion of curing.
You feel better.
Octavio barely misses something.
The jackal closely misses you. The jackal bites you.
* * * LOW HITPOINT WARNING * * *
The jackal misses you.
Octavio hits something with a +0 dagger of draining.
The orc hits you with a +0 club.
* * * LOW HITPOINT WARNING * * *
The orc hits you with a +0 short sword.
* * * LOW HITPOINT WARNING * * *
A magic dart appears from out of thin air!
The magic dart hits Octavio! 😱 HP[-1]
You take 1 damage, and now have 1/36 hp.
It was a potion of degeneration.
There was something very wrong with that liquid.
You feel weakened.
You feel dopey.
You feel clumsy. The jackal bites you.
You die...

Skill      XL: |  1  2  3  4  5 |
---------------+----------------+-----
Fighting       | 2 |  2.9
Dodging        | 3 |  3.4
Unarmed Combat | 4 |  4.2
Shapeshifting  | 4 |  4.3

Action                     |  1- 3 |  4- 6 || total
---------------------------+-------+-------++-------
  Melee: Unarmed           |    40 |    62 ||   102
         Constrict         |    15 |    16 ||    31
         Tentacles         |     8 |     9 ||    17
         Punch             |       |     1 ||     1
 Invoke: Ancestor Identity |     1 |       ||     1
         Ancestor Life: He |       |     1 ||     1
    Use: Scroll            |       |     6 ||     6
         Potion            |       |     3 ||     3
   Stab: Sleeping          |     7 |     6 ||    13
 Armour: Skin              |     3 |     4 ||     7
  Dodge: Dodged            |    17 |    49 ||    66

Levels and vault maps discovered:
D:1:      evilmike_arrival_hilbert_curve, layout_basic,
          ebering_ecumenical_altar_webs
D:2:      layout_rooms, minmay_close_crescents, uniq_jessica
D:3:      layout_rooms, elyvilon_altar_3, mainiacjoe_overflow_chevrons,
          yredelemnul_altar_generic, nicolae_qazlal_style_of_elements,
          minmay_box_of_dots
D:4:      layout_rooms, nzn_hepliaklqana_mist_gate, uniq_edmund

Notes
Turn   | Place    | Note
-------+----------+-------------------------------------------
     0 | D:1      | spiderkeys the Octopode Shapeshifter began the quest for
                  | the Orb.
     0 | D:1      | Reached XP level 1. HP: 13/13 MP: 1/1
     0 | D:1      | magus.rc [v1.11.3]
   173 | D:1      | You add the spells Gell's Gravitas, Teleport Other and
                  | Dispersal to your library.
   190 | D:1      | Reached XP level 2. HP: 18/18 MP: 2/2
   342 | D:1      | Found a faded altar of an unknown god.
   456 | D:1      | Prayed at the altar of an unknown god.
   456 | D:1      | Became a worshipper of Hepliaklqana the Forgotten
   456 | D:1      | Reached * piety under Hepliaklqana
   506 | D:1      | Reached XP level 3. HP: 20/20 MP: 3/3
   963 | D:2      | Noticed Jessica
   968 | D:2      | Killed Jessica
   969 | D:2      | Reached XP level 4. HP: 22/26 MP: 4/4
   974 | D:2      | Reached skill level 2 in Fighting
  1683 | D:3      | Reached XP level 5. HP: 30/30 MP: 5/5
  1686 | D:3      | Reached ** piety under Hepliaklqana
  1687 | D:3      | Remembered your ancestor Octavio as a hexer
  1719 | D:3      | Found a stormy altar of Qazlal.
  1861 | D:3      | Found an opulent altar of Gozag.
  1883 | D:3      | Found a white marble altar of Elyvilon.
  2006 | D:3      | Reached skill level 3 in Dodging
  2086 | D:3      | Noticed an air elemental
  2090 | D:3      | Noticed a fire elemental
  2090 | D:3      | Noticed a water elemental
  2092 | D:3      | Noticed a sky beast
  2103 | D:3      | HP: 5/30 [something (5)]
  2103 | D:3      | Killed a sky beast
  2104 | D:3      | Reached skill level 4 in Unarmed Combat
  2104 | D:3      | Reached skill level 4 in Shapeshifting
  2104 | D:3      | Reached XP level 6. HP: 7/36 MP: 6/6
  2219 | D:3      | Found a basalt altar of Yredelemnul.
  2329 | D:4      | HP: 7/36 [orc/+0 short sword (4)]
  2330 | D:4      | Gained mutation: You have hidden genetic defects. [potion
                  | of mutation]
  2330 | D:4      | Gained mutation: You are vulnerable to heat. (rF-) [potion
                  | of mutation]
  2330 | D:4      | Gained mutation: You are agile. (Dex +4, Str/Int -1)
                  | [potion of mutation]
  2330 | D:4      | Gained mutation: You are strong-willed. (Will+) [potion of
                  | mutation]
  2330 | D:4      | HP: 2/36 [something (2)]
  2332 | D:4      | Slain by a jackal

Vanquished Creatures
  A scorpion (D:4)
  Jessica (D:2)
  An orc wizard (D:4)
  5 adders
  2 worms
  2 dart slugs
  4 orcs (D:3)
  12 ball pythons
  2 endoplasms (D:1)
  3 giant cockroaches
  4 goblins
  4 hobgoblins
  2 jackals (D:1)
  3 quokkas (D:1)
  6 bats
  A frilled lizard (D:2)
  5 kobolds
  5 rats
63 creatures vanquished.

Vanquished Creatures (collateral kills)
  A sky beast (D:3)
  An orc (D:3)
2 creatures vanquished.

Grand Total: 65 creatures vanquished

Table legend:
 A = Non-vault XP
 B = Vault XP
 C = Vault XP percentage of total XP
 D = Non-vault monster count
 E = Vault monster count
 F = Vault count percentage of total count
                 A         B        C        D         E       F
            +---------+---------+-------+---------+---------+-------
      Total |     389 |      58 |  13.0 |      58 |       7 |  10.8
            +---------+---------+-------+---------+---------+-------
        D:1 |      46 |       0 |   0.0 |      28 |       0 |   0.0
        D:2 |      42 |      55 |  56.7 |       8 |       6 |  42.9
        D:3 |     176 |       3 |   1.7 |      16 |       1 |   5.9
        D:4 |     125 |       0 |   0.0 |       6 |       0 |   0.0
            +---------+---------+-------+---------+---------+-------

Skill      XL: |  1  2  3  4  5 |
---------------+----------------+-----
Fighting       | 2 |  2.9
Dodging        | 3 |  3.4
Unarmed Combat | 4 |  4.2
Shapeshifting  | 4 |  4.3

Action                     |  1- 3 |  4- 6 || total
---------------------------+-------+-------++-------
  Melee: Unarmed           |    40 |    62 ||   102
         Constrict         |    15 |    16 ||    31
         Tentacles         |     8 |     9 ||    17
         Punch             |       |     1 ||     1
 Invoke: Ancestor Identity |     1 |       ||     1
         Ancestor Life: He |       |     1 ||     1
    Use: Scroll            |       |     6 ||     6
         Potion            |       |     3 ||     3
   Stab: Sleeping          |     7 |     6 ||    13
 Armour: Skin              |     3 |     4 ||     7
  Dodge: Dodged            |    17 |    49 ||    66

Illustrated notes

Table legend:
 A = Kills in this place as a percentage of kills in the entire game.
 B = Kills by you in this place as a percentage of kills by you in the entire game.
 C = Kills by friends in this place as a percentage of kills by friends in the entire game.
 D = Other kills in this place as a percentage of other kills in the entire game.
 E = Experience gained in this place as a percentage of experience gained in the entire game.
 F = Experience gained in this place divided by the number of levels of this place that you have seen.
                   A       B       C       D       E      F
               +-------+-------+-------+-------+-------+----------------------
         Total | 100.0 | 100.0 | 100.0 | 100.0 | 100.0 | 111.8
       Dungeon | 100.0 | 100.0 | 100.0 | 100.0 | 100.0 | 111.8
               +-------+-------+-------+-------+-------+----------------------

Table legend: (Time is in decaauts)
 A = Elapsed time spent in this place.
 B = Non-inter-level travel time spent in this place.
 C = Inter-level travel time spent in this place.
 D = Time resting spent in this place.
 E = Time spent auto-exploring this place.
 F = Levels seen in this place.
 G = Mean time per level.
                   A        B        C        D        E       F      G
               +--------+--------+--------+--------+--------+-----+--------+
         Total |   2323 |   2275 |     48 |    133 |   1768 |   4 |  580.8 |
       Dungeon |   2323 |   2275 |     48 |    133 |   1768 |   4 |  580.8 |
               +--------+--------+--------+--------+--------+-----+--------+

Top non-repeatable levels by time:
     D:1: 947 daAuts
     D:3: 715 daAuts
     D:2: 628 daAuts
     D:4: 32 daAuts
